 Dungeon Crawl Stone Soup version 0.28.0-1-gb440e238dd (webtiles) character file.

Game seed: 16891585805838676936

249 Crownlay the Cleaver (level 6, -6/51 HPs)
             Began as a Hill Orc Fighter on Feb 20, 2022.
             Mangled by an ogre (28 damage)
             ... on level 4 of the Dungeon.
             The game lasted 00:04:25 (3207 turns).

Crownlay the Cleaver (Hill Orc Fighter)             Turns: 3207, Time: 00:04:26

Health: -6/51      AC:  6    Str: 21    XL:     6   Next: 12%
Magic:  6/6        EV:  9    Int:  8    God:
Gold:   119        SH:  4    Dex: 10    Spells: 5/5 levels left

rFire   . . .      SeeInvis .   a - +0 war axe
rCold   . . .      Faith    .   c - +0 buckler
rNeg    . . .      Spirit   .   b - +0 scale mail
rPois   .          Reflect  .   (no helmet)
rElec   .          Harm     .   (no cloak)
rCorr   .          Rampage  .   (no gloves)
Will    .....                   (no boots)
Stlth   ..........              (no amulet)
HPRegen 0.17/turn               (no ring)
MPRegen 0.10/turn               (no ring)

@: lit by a corona, glowing
A: no striking features
a: no special abilities


You were on level 4 of the Dungeon.
You visited 1 branch of the dungeon, and saw 4 of its levels.

You collected 119 gold pieces.

Inventory:

Hand Weapons
 a - a +0 war axe (weapon)
Missiles
 e - a boomerang of dispersal (quivered)
Armour
 b - a +0 scale mail (worn)
 c - a +0 buckler (worn)
Scrolls
 d - a scroll of vulnerability {unknown}
 g - 2 scrolls of teleportation {unknown}
 h - 2 scrolls of magic mapping {unknown}
 k - a scroll of fog {unknown}
 m - a scroll of enchant armour {unknown}
 n - 3 scrolls of identify {unknown}
Potions
 f - 2 potions of brilliance {unknown}
 i - 3 potions of mutation {unknown}
 j - a potion of ambrosia {unknown}
 l - a potion of cancellation {unknown}


   Skills:
 - Level 3.6 Fighting
 * Level 8.2 Axes
 - Level 3.2 Armour
 - Level 3.2 Shields


You had 5 spell levels left.
You didn't know any spells.
Your spell library was empty.

Dungeon Overview and Level Annotations

Branches:
Dungeon (4/15)
 Temple: D:4-7

Altars:
Uskayaw


Message History

An ogre is nearby!
An ogre is nearby!
An ogre is nearby!
An ogre is nearby!
You throw a boomerang of dispersal.
The boomerang of dispersal hits the ogre.
The ogre blinks!
An ogre and 2 gnolls come into view.
The gnoll shouts! x2; You hear a shout!
The gnoll hits you but does no damage.
The gnoll moves out of view.
A gnoll shaman comes into view. It is wielding a +0 club.
The gnoll hits you with a +0 spear.
You hit the gnoll but do no damage. You slash the gnoll shaman!
The gnoll shaman is moderately wounded.
The gnoll barely misses you.
You hit the gnoll shaman.
The gnoll shaman is severely wounded.
The gnoll shaman hits you but does no damage.
The gnoll closely misses you.
You completely miss the gnoll shaman.
The gnoll shaman is severely wounded.
The gnoll shaman hits you with a +0 club!
The gnoll barely misses you.
You hit the gnoll shaman.
The gnoll shaman is severely wounded.
You slash the ogre!
The gnoll shaman calls down the wrath of its god upon you.
You are outlined in light.
The ogre hits you with a +0 giant spiked club!
The gnoll barely misses you. The gnoll shaman completely misses you.
Throw: 2 boomerangs (disperse)
Press: ? - help, Q - select action Shift-Dir - straight line, f/p - ogre
Aim: an ogre, wielding a +0 giant spiked club (heavily wounded, 72% to hit)
You throw a boomerang of dispersal.
The boomerang of dispersal barely misses the ogre.
The gnoll hits you from afar with a +0 spear.
The ogre hits you with a +0 giant spiked club!!
Ouch! That really hurt!
You die...

#### ..#
..#####.# #
.....#.##g#
#..O@g.#
###.####
#.#####.#
#......<#
#########


You could see an ogre, a gnoll shaman and a gnoll.

Vanquished Creatures
  A water moccasin (D:3)
  Natasha (D:2)
  A gnoll (D:3)
  4 adders
  2 dart slugs
  3 orcs (D:3)
  2 ball pythons
  5 bats
  4 endoplasms
  2 giant cockroaches
  8 goblins
  2 hobgoblins
  4 jackals
  12 kobolds
  6 quokkas
  7 frilled lizards
  3 rats
67 creatures vanquished.

Vanquished Creatures (others)
  4 plants (D:1)
4 creatures vanquished.

Grand Total: 71 creatures vanquished

Notes
Turn   | Place    | Note
-------+----------+-------------------------------------------
     0 | D:1      | Crownlay the Hill Orc Fighter began the quest for the Orb.
     0 | D:1      | Reached XP level 1. HP: 19/19 MP: 1/1
    44 | D:1      | Reached skill level 3 in Axes
    56 | D:1      | Reached XP level 2. HP: 18/26 MP: 2/2
   242 | D:1      | Reached skill level 4 in Axes
   504 | D:1      | Reached XP level 3. HP: 30/31 MP: 3/3
  1030 | D:2      | Reached skill level 5 in Axes
  1440 | D:2      | Noticed Natasha
  1445 | D:2      | Killed Natasha
  1446 | D:2      | Reached skill level 6 in Axes
  1446 | D:2      | Reached XP level 4. HP: 39/39 MP: 4/4
  1721 | D:3      | Found a hide-covered altar of Uskayaw.
  1733 | D:3      | Noticed a water moccasin
  1751 | D:3      | Killed a water moccasin
  1752 | D:3      | Reached skill level 7 in Axes
  1752 | D:3      | Reached XP level 5. HP: 17/45 MP: 5/5
  2378 | D:3      | Reached skill level 8 in Axes
  2386 | D:3      | Reached XP level 6. HP: 51/51 MP: 6/6
  2969 | D:3      | Found a faded altar of an unknown god.
  3207 | D:4      | Mangled by an ogre

Illustrated notes

Levels and vault maps discovered:
D:1:      tarquinn_simple_flora_water_d, layout_basic, lexackson_kobold_supper
D:2:      layout_rooms, uniq_natasha
D:3:      minmay_spotlight, layout_basic,
          nicolae_uskayaw_murder_on_the_dancefloor,
          hellmonk_ecumenical_altar_inner_sanctum
D:4:      layout_loops_corners, minmay_temple_entry_proselytizer,
          uniq_blork_the_orc

Skill      XL: |  1  2  3  4  5 |
---------------+----------------+-----
Axes           | 3 4 6 7 8 |  8.2
Fighting       | |  3.6
Armour         | |  3.2
Shields        | |  3.2

Action                   |  1- 3 |  4- 6 || total
-------------------------+-------+-------++-------
Melee: War axe           |    79 |   125 ||   204
Throw: Boomerang         |       |     2 ||     2
  Use: Potion            |       |     1 ||     1
Armor: Scale mail        |    38 |    51 ||    89
Dodge: Dodged            |    41 |    60 ||   101
Block: Buckler           |    25 |    22 ||    47
